 Dungeon Crawl Stone Soup version 0.25-a0-1113-g0499d652a8 (webtiles) character file.

Game seed: 18398322329754407318, levelgen mode: deterministic

975 Flugslaktarn the Chopper (level 7, -1/64 HPs)
             Began as a Deep Dwarf Fighter on May 16, 2020.
             Was a Believer of Okawaru.
             Killed from afar by Maggie (21 damage)
             ... with a bolt of fire
             ... on level 6 of the Dungeon.
             The game lasted 00:02:01 (3081 turns).

Flugslaktarn the Chopper (Deep Dwarf Fighter)       Turns: 3081, Time: 00:02:02

Health: -1/64      AC: 10    Str: 21    XL:     7   Next: 95%
Magic:  6/8        EV: 11    Int:  9    God:    Okawaru [**....]
Gold:   232        SH: 12    Dex: 12    Spells: 6/6 levels left

rFire    . . .     SeeInvis +   a - +0 war axe
rCold    . . .     Gourm    .   c - +0 kite shield
rNeg     . . .     Faith    .   b - +0 scale mail
rPois    .         Spirit   .   j - +2 hat {SInv}
rElec    .         Reflect  .   (no cloak)
rCorr    .         Harm     .   (no gloves)
MR       +....                  (no boots)
Stlth    +.........             (no amulet)
HPRegen  0.00/turn              (no ring)
MPRegen  0.11/turn              (no ring)

@: heroism, non-regenerating
A: damage resistance, heal wounds, sense surroundings 1, no regeneration
a: Heal Wounds, Heroism, Renounce Religion


You were on level 6 of the Dungeon.
You worshipped Okawaru.
Okawaru was pleased with you.
You were not hungry.

You visited 1 branch of the dungeon, and saw 6 of its levels.

You collected 232 gold pieces.

Inventory:

Hand Weapons
 a - a +0 war axe (weapon)
Armour
 b - a +0 scale mail (worn)
 c - a +0 kite shield (worn)
 j - a +2 hat of see invisible (worn)
   (You found it on level 1 of the Dungeon)
Scrolls
 f - a scroll of fear {unknown}
 g - 3 scrolls of enchant armour {unknown}
 k - 2 scrolls of immolation {unknown}
 q - a scroll of enchant weapon {unknown}
 r - a scroll of identify
 s - a scroll of noise {unknown}
 t - 2 scrolls of teleportation
 u - a scroll of magic mapping {unknown}
 w - a scroll of fog {unknown}
 x - a scroll of remove curse
Potions
 d - a potion of might
 h - 2 potions of ambrosia
 i - a potion of brilliance {unknown}
 l - a potion of stabbing {unknown}
 m - a potion of curing {unknown}
 n - a potion of heal wounds {unknown}
 o - 2 potions of lignification {unknown}
 p - a potion of flight {unknown}
Comestibles
 e - 5 rations
 v - a chunk of flesh


   Skills:
 + Level 4.2(9.2) Fighting
 * Level 6.3(11.3) Axes
 + Level 5.3(10.3) Armour
 + Level 5.2(10.2) Shields
 + Level 4.2 Invocations


You had 6 spell levels left.
You didn't know any spells.
Your spell library was empty.

Dungeon Overview and Level Annotations

Branches:
Dungeon (6/15)
 Temple: D:4-7

Altars:
Dithmenos
Gozag
Nemelex Xobeh
Okawaru
Qazlal
Ru
Yredelemnul

Annotations:
D:6 Maggie


Innate Abilities, Weirdness & Mutations

You are resistant to damage.
You can heal yourself by infusing magical energy.
You passively map a small area around you.
You do not regenerate.


Message History

The bolt of fire misses you.
You gain the combat prowess of a mighty hero.
Maggie points at you and mumbles some strange words.
The bolt of fire hits you!
You slash Maggie!
Maggie is lightly wounded.
Maggie drinks a potion.
Maggie flickers and vanishes for a moment.
You closely miss Maggie.
Maggie is lightly wounded.
Maggie hits you but does no damage.
You slash Maggie!
Maggie is moderately wounded.
Maggie misses you.
You barely miss Maggie.
Maggie is moderately wounded.
You break out of your daze.
Maggie points at you and mumbles some strange words.
The bolt of fire hits you!!
You die...

#..........# ...#
#..........# #..#
#....).....###..#
##.........##..#*
#####
##...(....#..####....#
##......#...#.......#
##.(......#........#
##.(....##......... .#
###(..##..@....... #.*
##...###..@....... *.#
##...###..........# #.
##...## #>.........#
#.##...## #.........##
#.....## ##.......##
#....## ####..###
#....# ### * #.)..# **
,


You could see Maggie (invisible).

Vanquished Creatures
  A phantom (D:6)
  3 ogres (D:4)
  A centaur (D:6)
  A gnoll sergeant (D:5)
  A howler monkey (D:4)
  A hound (D:6)
  2 bullfrog skeletons (D:5)
  An orc priest (D:3)
  An orc wizard (D:3)
  Natasha (thrice) (D:3)
  3 worker ants
  4 gnolls (D:5)
  3 adders (D:5)
  3 oozes
  2 worms
  2 dart slugs
  A leopard gecko (D:1)
  12 orcs
  A ball python (D:2)
  3 giant cockroaches
  A hobgoblin (D:1)
  4 jackals
  12 kobolds
  4 quokkas
  5 frilled lizards
  5 goblins
  A jackal zombie (D:5)
  4 rats
85 creatures vanquished.

Notes
Turn   | Place    | Note
-------+----------+-------------------------------------------
     0 | D:1      | Flugslaktarn the Deep Dwarf Fighter began the quest for the
                  | Orb.
     0 | D:1      | Reached XP level 1. HP: 20/20 MP: 1/1
    17 | D:1      | Reached XP level 2. HP: 25/27 MP: 2/2
   250 | D:2      | Found an iron altar of Okawaru.
   338 | D:2      | Reached skill level 3 in Axes
   338 | D:2      | Reached XP level 3. HP: 22/33 MP: 3/3
   388 | D:2      | Became a worshipper of Warmaster Okawaru
   441 | D:2      | Found an iron altar of Okawaru.
   640 | D:2      | Found a shadowy altar of Dithmenos.
   838 | D:3      | Found a sacrificial altar of Ru.
   987 | D:3      | Noticed Natasha
  1004 | D:3      | Killed Natasha
  1004 | D:3      | Reached XP level 4. HP: 24/42 MP: 4/4
  1024 | D:3      | Reached skill level 1 in Invocations
  1329 | D:3      | Reached XP level 5. HP: 15/49 MP: 6/6
  1369 | D:3      | Noticed Natasha
  1376 | D:3      | Killed Natasha
  1376 | D:3      | Reached skill level 4 in Axes
  1395 | D:3      | Noticed Natasha
  1406 | D:3      | Killed Natasha
  1680 | D:4      | Reached * piety under Okawaru
  1719 | D:4      | Noticed an ogre
  1722 | D:4      | Noticed an ogre
  1741 | D:4      | Killed an ogre
  1741 | D:4      | Reached XP level 6. HP: 32/56 MP: 2/5
  1921 | D:4      | Reached skill level 5 in Axes
  1964 | D:4      | Found a stormy altar of Qazlal.
  1972 | D:4      | Reached XP level 7. HP: 16/63 MP: 4/7
  2113 | D:5      | Entered Level 5 of the Dungeon
  2145 | D:5      | Found an opulent altar of Gozag.
  2194 | D:5      | Reached ** piety under Okawaru
  2329 | D:5      | Reached skill level 5 in Armour
  2723 | D:5      | Found a sparkling altar of Nemelex Xobeh.
  2779 | D:5      | Reached skill level 5 in Shields
  2786 | D:5      | Found a basalt altar of Yredelemnul.
  2972 | D:6      | Reached skill level 6 in Axes
  3073 | D:6      | Noticed Maggie
  3081 | D:6      | Killed from afar by Maggie

Illustrated notes

Levels and vault maps discovered:
D:1:      scummos_arrival_hexagon, layout_rooms, minmay_tree_intersection
D:2:      layout_loops_ring, nicolae_dithmenos_through_a_glass_darkly,
          old_standard_altar, okawaru_ov_weapons_minmay
D:3:      layout_basic, old_standard_altar, uniq_natasha
D:4:      layout_loops_ring, grunt_qazlal_sundering
D:5:      layout_basic, lemuel_round_altar, kennysheep_little_box,
          marbit_many_paths, first_ration, hex_intersection
D:6:      layout_cave_pods, grunt_temple_overflow_lords_of_destruction,
          temple_doors_e, fedhas_altar_2, uniq_maggie

Skill      XL: |  1  2  3  4  5  6  7 |
---------------+----------------------+-----
Axes           | 3 4 5 6 |  6.3
Fighting       | 3 4 |  4.2
Invocations    | 1 2 3 4 |  4.2
Armour         | 4 5 |  5.3
Shields        | 4 5 |  5.2

Action                   |  1- 3 |  4- 6 |  7- 9 || total
-------------------------+-------+-------+-------++-------
Melee: War axe           |    94 |   142 |    93 ||   329
Invok: Heroism           |       |     2 |     1 ||     3
 Abil: Heal Wounds       |     1 |     6 |     3 ||    10
  Use: Scroll            |     4 |       |       ||     4
  Eat: Chunk             |       |     4 |     4 ||     8
Armor: Scale mail        |    48 |    41 |    33 ||   122
Dodge: Dodged            |    33 |    49 |    27 ||   109
Block: Kite shield       |    57 |    70 |    48 ||   175

Table legend:
 A = Non-vault XP
 B = Vault XP
 C = Vault XP percentage of total XP
 D = Non-vault monster count
 E = Vault monster count
 F = Vault count percentage of total count
                 A         B        C        D         E       F
            +---------+---------+-------+---------+---------+-------
      Total |    1355 |      39 |   2.8 |      83 |       2 |   2.4
            +---------+---------+-------+---------+---------+-------
        D:1 |      31 |       0 |   0.0 |      15 |       0 |   0.0
        D:2 |      36 |       0 |   0.0 |      17 |       0 |   0.0
        D:3 |     179 |      35 |  16.4 |      16 |       1 |   5.9
        D:4 |     501 |       0 |   0.0 |      13 |       0 |   0.0
        D:5 |     324 |       4 |   1.2 |      18 |       1 |   5.3
        D:6 |     284 |       0 |   0.0 |       4 |       0 |   0.0
            +---------+---------+-------+---------+---------+-------
